 Dungeon Crawl Stone Soup version 0.20-a0-1121-gbb42413 (webtiles) character file.

254 Ijustatesigmund the Magician (level 5, 0/41 HPs)
             Began as a Draconian Conjurer on May 10, 2017.
             Slain by a phantom (10 damage)
             ... on level 4 of the Dungeon.
             The game lasted 00:12:01 (3631 turns).

Ijustatesigmund the Magician (Draconian Conjurer)   Turns: 3631, Time: 00:12:02

Health: 0/41       AC:  6    Str: 10    XL:     5   Next: 90%
Magic:  11/11      EV: 12    Int: 15    God:
Gold:   180        SH:  0    Dex: 13    Spells: 3/13 levels left

rFire    . . .     SeeInvis .   g - +1 dagger
rCold    . . .     Gourm    .   (no shield)
rNeg     + . .     Faith    .   (armour unavailable)
rPois    .         Spirit   .   (helmet restricted)
rElec    .         Reflect  .   q - +0 cloak (curse)
rCorr    .         Harm     .   (no gloves)
MR       .....                  (no boots)
Stlth    ++........             (no amulet)
Regen    0.2/turn               k - ring of positive energy
MPRegen  0.2/turn               (no ring)

@: no status effects
A: unfitting armour, cold-blooded, AC +5
a: no special abilities


You were on level 4 of the Dungeon.
You were hungry.

You visited 1 branch of the dungeon, and saw 4 of its levels.

You collected 180 gold pieces.

Inventory:

Hand Weapons
 g - a +1 dagger (weapon)
 r - a +0 antimagic short sword
Armour
 q - a cursed +0 cloak (worn)
Jewellery
 k - a ring of positive energy (left hand)
Wands
 o - a wand of polymorph (10/24)
 s - a wand of lightning (7/15)
Scrolls
 d - a scroll of fog
 f - a scroll of enchant weapon
 i - 2 scrolls of remove curse
 l - 3 scrolls of teleportation
Potions
 h - a potion of flight
 j - a potion of haste {unknown}
 m - a potion of heal wounds {unknown}
 n - a potion of berserk rage {unknown}
Books
 a - a book of Conjurations

   Spells                             Type                      Level
   a - Magic Dart                     Conjuration                  1
   b - Searing Ray                    Conjuration                  2
   c - Dazzling Spray                 Conjuration/Hexes            3
   d - Fulminant Prism                Conjuration/Hexes            4
   e - Force Lance                    Conjuration/Translocation    4
   f - Iskenderun's Mystic Blast      Conjuration                  4
Comestibles
 b - 4 bread rations
 c - 2 chunks of flesh
 p - 2 meat rations
 v - a fruit


   Skills:
 - Level 2.1 Fighting
 - Level 1.7 Dodging
 - Level 1.7 Stealth
 - Level 4.6 Spellcasting
 + Level 4.6 Conjurations
 + Level 1.4 Hexes


You had 3 spell levels left.
You knew the following spells:

 Your Spells              Type           Power        Failure   Level  Hunger
a - Magic Dart            Conj           ###.         2%          1    None
b - Searing Ray           Conj           ###...       3%          2    ##.....
c - Dazzling Spray        Conj/Hex       ##....       14%         3    ###....
d - Iskenderun's Mystic   Conj           ###.....     26%         4    ####...


Dungeon Overview and Level Annotations

Branches:
Dungeon (4/15)
 Temple: D:4-7

Altars:
Kikubaaqudgha
Sif Muna


Innate Abilities, Weirdness & Mutations

Your plain brown scales are hard. (AC +5)
You cannot fit into any form of body armour.
You are cold-blooded and may be slowed by cold attacks.


Message History

The phantom barely misses you.
You miss the phantom.
The phantom is heavily damaged.
The phantom closely misses you.
You hit the phantom but do no damage.
The phantom is heavily damaged.
The phantom hits you.
The phantom blinks!
Casting: Magic Dart
Confirm with . or Enter, or press ? or * to list all spells.
Aiming: Magic Dart
Press: ? - help, Shift-Dir - straight line, f/p - phantom
Aim: a phantom (heavily damaged)
The magic dart hits the phantom.
The phantom is severely damaged.
You hit the phantom.
The phantom is severely damaged.
The phantom hits you!
* * * LOW HITPOINT WARNING * * *
Magic courses through your body. The phantom hits you!
You die...

######.########
###
####..............
..................
##..............
#..............
#....##########
#....# #....#
#.@..# ##+#..W.#
#.......#
#.......#
#.......#
##.#....# #.#....#
#.#....# ..#....#


You could see a phantom.

Vanquished Creatures
  A hound (D:4)
  A bullfrog skeleton (D:4)
  A worker ant (D:4)
  5 adders
  A river rat (D:2)
  2 oozes (D:2)
  5 worms (D:2)
  A dart slug (D:1)
  2 leopard geckos
  An orc (D:3)
  5 giant cockroaches
  9 goblins
  8 hobgoblins
  12 jackals
  11 kobolds
  A quokka (D:2)
  A ball python (D:3)
  7 bats
  9 frilled lizards
  7 rats
90 creatures vanquished.

Notes
Turn   | Place    | Note
-------+----------+-------------------------------------------
     0 | D:1      | Ijustatesigmund the Draconian Conjurer began the quest for the Orb.
     0 | D:1      | Reached XP level 1. HP: 14/14 MP: 3/3
   155 | D:1      | Reached skill level 1 in Fighting
   210 | D:1      | Reached XP level 2. HP: 23/23 MP: 1/5
   821 | D:1      | Reached XP level 3. HP: 29/29 MP: 0/6
   825 | D:1      | Learned a level 2 spell: Searing Ray
  1657 | D:2      | Reached XP level 4. HP: 10/36 MP: 3/9
  1668 | D:2      | HP: 1/36 [worm (7)]
  2894 | D:3      | Reached XP level 5. HP: 41/41 MP: 6/11
  3057 | D:3      | Found an ancient bone altar of Kikubaaqudgha.
  3058 | D:3      | Found a deep blue altar of Sif Muna.
  3248 | D:4      | Learned a level 3 spell: Dazzling Spray
  3253 | D:4      | Learned a level 4 spell: Iskenderun's Mystic Blast
  3402 | D:4      | Reached skill level 1 in Hexes
  3600 | D:4      | Noticed a phantom
  3631 | D:4      | Slain by a phantom

Vault maps used:
D:1:      mrwooster_arrival_statue_3
D:2:      kennysheep_big_flooded_room
D:3:      gammafunk_temple_overflow_statue
D:4:      first_bread, lemuel_angel_altar

Skill      XL: |  1  2  3  4  5 |
---------------+----------------+-----
Fighting       | 1 2 |  2.1
Spellcasting   | 3 4 |  4.6
Hexes          | 1 |  1.4
Dodging        | |  1.7
Stealth        | |  1.7
Conjurations   | |  4.6

Action                   |  1- 3 |  4- 6 || total
-------------------------+-------+-------++-------
Melee: Dagger            |    63 |   106 ||   169
       Tailslap          |     7 |    12 ||    19
       Unarmed           |     2 |       ||     2
 Cast: Magic Dart        |    87 |    96 ||   183
       Searing Ray       |     1 |     3 ||     4
Evoke: Wand              |     1 |       ||     1
  Use: Scroll            |     8 |     7 ||    15
       Potion            |       |     2 ||     2
 Stab: Sleeping          |     1 |       ||     1
  Eat: Chunk             |     3 |     6 ||     9
Armor: Skin              |    22 |    52 ||    74
Dodge: Dodged            |    69 |    89 ||   158
